 Dungeon Sprint DCSS version 0.29-a0-398-ge13fd1374b (webtiles) character file.

Game seed: 12170575338551197784

2900000 Zeld the Conqueror (level 18, -103/200 HPs)
             Began as a Minotaur Monk on May 12, 2022.
             Was the Champion of Makhleb.
             Annihilated by a sculptor of flesh
             ... wielding a +9 great sword
              (201 damage)
             ... in the Dungeon (Sprint VIII: "Arena of Blood").
             The game lasted 00:00:39 (29 turns).

Zeld the Conqueror (Minotaur Monk)                    Turns: 29, Time: 00:00:40

Health: -103/200   AC:  2    Str: 23    XL:     18   Next: 74%
Magic:  16/25      EV: 26    Int:  7    God:    Makhleb [******]
Gold:   0          SH:  0    Dex: 14    Spells: 27/27 levels left

rFire   . . .      SeeInvis .   i - +∞ Axe of Woe
rCold   . . .      Faith    .   (shield currently unavailable)
rNeg    . . .      Spirit   .   a - +0 robe
rPois   .          Reflect  .   (helmet restricted)
rElec   .          Harm     .   (no cloak)
rCorr   .          Rampage  .   (no gloves)
Will    +....      NoTele   +   (no boots)
Stlth   +++++++++.              (no amulet)
HPRegen 0.43/turn               (no ring)
MPRegen 0.19/turn               (no ring)

@: no status effects
A: horns 2, retaliatory headbutt
a: Renounce Religion, Minor Destruction, Lesser Servant of Makhleb, Major
Destruction, Greater Servant of Makhleb


You were in the Dungeon.
You worshipped Makhleb.
Makhleb was exalted by your worship.
You visited 1 branch

Inventory:

Hand Weapons
 i - the +∞ Axe of Woe (weapon)
   (You found it in the Dungeon)
Armour
 a - a +0 robe (worn)
Jewellery
 j - a +200 ring of slaying
Scrolls
 h - a scroll of blinking
Potions
 b - a potion of ambrosia
 c - a potion of curing
 d - a potion of heal wounds
 e - a potion of haste
 f - 2 potions of magic
 g - a potion of berserk rage


   Skills:
 O Level 27 Fighting
 + Level 8.5(10.1) Short Blades
 + Level 9.3(11.0) Long Blades
 O Level 27 Axes
 + Level 9.3(20.6) Maces & Flails
 + Level 9.3(20.6) Polearms
 + Level 9.3(12.4) Staves
 + Level 8.5(10.1) Slings
 + Level 8.5 Bows
 + Level 8.5 Crossbows
 + Level 7.7(9.2) Throwing
 + Level 9.3 Armour
 O Level 27 Dodging
 O Level 27 Stealth
 + Level 9.3 Shields
 O Level 27 Unarmed Combat
 + Level 5.3 Spellcasting
 + Level 5.8 Conjurations
 + Level 5.3 Hexes
 + Level 5.8 Summonings
 + Level 5.8 Necromancy
 + Level 5.8 Translocations
 + Level 6.4 Transmutations
 + Level 5.8 Fire Magic
 + Level 5.8 Ice Magic
 + Level 5.8 Air Magic
 + Level 6.4 Earth Magic
 + Level 5.8 Poison Magic
 + Level 7.7 Invocations
 + Level 7.0 Evocations


You had 27 spell levels left.
You didn't know any spells.
Your spell library was empty.

Dungeon Overview and Level Annotations

Branches:
Dungeon (1/1)

Altars:
Makhleb


Innate Abilities, Weirdness & Mutations

You have a pair of horns on your head.
You reflexively headbutt those who attack you in melee.


Message History

You are engulfed in blazing flames.
You hear a shout! x4
A bag of meat comes into view. It is wielding a +9 war axe.
Your base Short Blades skill gained 3 levels and is now at level 8!
Your base Long Blades skill gained 4 levels and is now at level 9!
Your base Maces & Flails skill gained 4 levels and is now at level 9!
Your base Polearms skill gained 4 levels and is now at level 9!
Your base Staves skill gained 4 levels and is now at level 9!
Your base Slings skill gained 3 levels and is now at level 8!
Your Bows skill gained 3 levels and is now at level 8!
Your Crossbows skill gained 3 levels and is now at level 8!
Your base Throwing skill gained 3 levels and is now at level 7!
Your Armour skill gained 4 levels and is now at level 9!
Your Shields skill gained 4 levels and is now at level 9!
Your Spellcasting skill gained 2 levels and is now at level 5!
Your Conjurations skill gained 2 levels and is now at level 5!
Your Hexes skill gained 2 levels and is now at level 5!
Your Summonings skill gained 2 levels and is now at level 5!
Your Necromancy skill gained 2 levels and is now at level 5!
Your Translocations skill gained 2 levels and is now at level 5!
Your Transmutations skill gained 3 levels and is now at level 6!
Your Fire Magic skill gained 2 levels and is now at level 5!
Your Ice Magic skill gained 2 levels and is now at level 5!
Your Air Magic skill gained 2 levels and is now at level 5!
Your Earth Magic skill gained 3 levels and is now at level 6!
Your Poison Magic skill gained 2 levels and is now at level 5!
Your Invocations skill gained 3 levels and is now at level 7!
Your Evocations skill gained 3 levels and is now at level 7!
You have reached level 18!
j - a +200 ring of slaying You are engulfed in blazing flames.
You hear a shout! x7
The meat berserker is engulfed in blazing flames.
You hear a shout! x3
The meat berserker hits you with a +9 battleaxe!!
You hear a shout! x2
The sculptor of flesh is engulfed in blazing flames.
The sculptor of flesh hits you with a +9 great sword!!!!!
Ouch! That really hurt!
You die...

.. ..... #..
...# #.. ...# .
.###.. ...###..
......###......
......_.....
#§§)..# #○O§§_#
#O@)..#
....O..z§§..O..
.......###......
..###.. ...###..
. #.. ...# . #..
...# ... .....
....


You could see a sculptor of flesh, a large bag of meat (inner flame) and 3 meat
berserkers.

Vanquished Creatures
  2 vampire knights (D)
  7 ogres (D)
  2 two-headed ogres (D)
  13 orcs (D)
24 creatures vanquished.

Notes
Turn   | Place    | Note
-------+----------+-------------------------------------------
     0 | D        | Found the +∞ Axe of Woe
     0 | D        | Zeld the Minotaur Monk began the quest for the Orb.
     0 | D        | Reached XP level 1. HP: 19/19 MP: 0/0
     2 | D        | Noticed a bag of meat
     3 | D        | Noticed a bag of meat
     4 | D        | Became a worshipper of Makhleb the Destroyer
     4 | D        | Reached * piety under Makhleb
     4 | D        | Reached ** piety under Makhleb
     5 | D        | Noticed a bag of meat
     7 | D        | Noticed a meat berserker
     9 | D        | Killed a bag of meat
     9 | D        | Noticed a bag of meat
    10 | D        | Reached skill level 5 in Stealth
    10 | D        | Reached skill level 15 in Unarmed Combat
    10 | D        | Reached XP level 2. HP: 52/52 MP: 1/1
    10 | D        | Reached XP level 3. HP: 59/59 MP: 2/2
    10 | D        | Reached XP level 4. HP: 68/68 MP: 3/3
    10 | D        | Reached XP level 5. HP: 74/74 MP: 4/4
    10 | D        | Reached XP level 6. HP: 82/82 MP: 5/5
    10 | D        | Reached XP level 7. HP: 89/89 MP: 6/6
    10 | D        | Reached XP level 8. HP: 97/97 MP: 7/7
    10 | D        | Reached XP level 9. HP: 104/104 MP: 8/8
    10 | D        | Reached XP level 10. HP: 112/112 MP: 9/9
    10 | D        | Killed a bag of meat
    10 | D        | Killed a bag of meat
    10 | D        | Noticed a meat berserker
    10 | D        | Noticed a bag of meat
    10 | D        | Noticed a meat berserker
    10 | D        | Noticed a bag of meat
    11 | D        | Reached XP level 11. HP: 90/127 MP: 10/10
    11 | D        | Reached XP level 12. HP: 96/136 MP: 11/11
    11 | D        | Killed a meat berserker
    11 | D        | Reached *** piety under Makhleb
    12 | D        | Reached skill level 10 in Axes
    12 | D        | Reached XP level 13. HP: 26/149 MP: 12/12
    12 | D        | Killed a meat berserker
    12 | D        | Noticed a bag of meat
    12 | D        | Noticed a bag of meat
    12 | D        | Noticed a meat berserker
    13 | D        | Reached XP level 14. HP: 28/162 MP: 13/13
    13 | D        | Killed a meat berserker
    13 | D        | Noticed a meat berserker
    14 | D        | Noticed a bag of meat
    14 | D        | Killed a bag of meat
    14 | D        | Reached **** piety under Makhleb
    14 | D        | Noticed a bag of meat
    15 | D        | Reached skill level 27 in Fighting
    15 | D        | Noticed a meat berserker
    16 | D        | Killed a bag of meat
    16 | D        | Killed a meat berserker
    17 | D        | Reached skill level 27 in Dodging
    17 | D        | Reached skill level 10 in Stealth
    17 | D        | Reached skill level 27 in Unarmed Combat
    17 | D        | Reached XP level 15. HP: 88/174 MP: 14/14
    17 | D        | Noticed a large bag of meat
    17 | D        | Killed a meat berserker
    17 | D        | Reached ***** piety under Makhleb
    17 | D        | Noticed a meat berserker
    18 | D        | Reached skill level 27 in Axes
    18 | D        | Reached XP level 16. HP: 164/183 MP: 15/15
    18 | D        | Noticed a large bag of meat
    19 | D        | Killed a meat berserker
    21 | D        | Noticed a destroyer
    22 | D        | Killed a destroyer
    22 | D        | Noticed a destroyer
    23 | D        | Reached skill level 27 in Stealth
    23 | D        | Reached XP level 17. HP: 191/191 MP: 16/16
    23 | D        | Killed a meat berserker
    24 | D        | Reached skill level 1 in Spellcasting
    24 | D        | Reached skill level 1 in Hexes
    25 | D        | Killed a large bag of meat
    25 | D        | Reached ****** piety under Makhleb
    25 | D        | Noticed a meat berserker
    26 | D        | Reached skill level 5 in Short Blades
    26 | D        | Reached skill level 5 in Long Blades
    26 | D        | Reached skill level 5 in Maces & Flails
    26 | D        | Reached skill level 5 in Polearms
    26 | D        | Reached skill level 5 in Staves
    26 | D        | Reached skill level 5 in Slings
    26 | D        | Reached skill level 5 in Bows
    26 | D        | Reached skill level 5 in Crossbows
    26 | D        | Reached skill level 5 in Armour
    26 | D        | Reached skill level 5 in Shields
    26 | D        | Noticed a meat berserker
    26 | D        | Noticed a meat berserker
    27 | D        | Noticed a large bag of meat
    28 | D        | Killed a large bag of meat
    28 | D        | Killed a destroyer
    29 | D        | Reached skill level 5 in Spellcasting
    29 | D        | Reached skill level 5 in Conjurations
    29 | D        | Reached skill level 5 in Hexes
    29 | D        | Reached skill level 5 in Summonings
    29 | D        | Reached skill level 5 in Necromancy
    29 | D        | Reached skill level 5 in Translocations
    29 | D        | Reached skill level 5 in Fire Magic
    29 | D        | Reached skill level 5 in Ice Magic
    29 | D        | Reached skill level 5 in Air Magic
    29 | D        | Reached skill level 5 in Poison Magic
    29 | D        | Reached XP level 18. HP: 155/200 MP: 16/25
    29 | D        | Noticed a sculptor of flesh
    29 | D        | Annihilated by a sculptor of flesh

Illustrated notes

Levels and vault maps discovered:
D:        meatsprint

Skill      XL: |  1  2  3  4  5  6  7  8  9 10 11 12 13 14 15 16 17 |
---------------+----------------------------------------------------+-----
Fighting       | 17 21 23 25 27 | 27.0
Axes           | 4 8 10 12 19 27 | 27.0
Dodging        | 16 19 22 23 27 | 27.0
Stealth        | 5 6 7 8 10 14 27 | 27.0
Unarmed Combat | 15 19 21 22 27 | 27.0
Short Blades   | 8 |  8.5
Long Blades    | 9 |  9.3
Maces & Flails | 9 |  9.3
Polearms       | 9 |  9.3
Staves         | 9 |  9.3
Slings         | 8 |  8.5
Bows           | 8 |  8.5
Crossbows      | 8 |  8.5
Throwing       | 7 |  7.7
Armour         | 9 |  9.3
Shields        | 9 |  9.3
Spellcasting   | 5 |  5.3
Conjurations   | 5 |  5.8
Hexes          | 5 |  5.3
Summonings     | 5 |  5.8
Necromancy     | 5 |  5.8
Translocations | 5 |  5.8
Transmutations | 6 |  6.4
Fire Magic     | 5 |  5.8
Ice Magic      | 5 |  5.8
Air Magic      | 5 |  5.8
Earth Magic    | 6 |  6.4
Poison Magic   | 5 |  5.8
Invocations    | 7 |  7.7
Evocations     | 7 |  7.0

Action                   |  1- 3 |  4- 6 |  7- 9 | 10-12 | 13-15 | 16-18 || total
-------------------------+-------+-------+-------+-------+-------+-------++-------
Melee: Executioner's axe |     1 |       |       |     2 |     5 |     6 ||    14
 Stab: Distracted        |       |       |       |       |       |     1 ||     1
Dodge: Dodged            |       |       |       |       |     2 |       ||     2

Table legend: (Time is in decaauts)
 A = Elapsed time spent in this place.
 B = Non-inter-level travel time spent in this place.
 C = Inter-level travel time spent in this place.
 D = Time resting spent in this place.
 E = Time spent auto-exploring this place.
 F = Levels seen in this place.
 G = Mean time per level.
                   A        B        C        D        E       F      G
               +--------+--------+--------+--------+--------+-----+--------+
         Total |     29 |     29 |      0 |      0 |      0 |   1 |   29.0 |
       Dungeon |     29 |     29 |      0 |      0 |      0 |   1 |   29.0 |
               +--------+--------+--------+--------+--------+-----+--------+

Top non-repeatable levels by time:
       D: 29 daAuts
